 Dungeon Crawl Stone Soup version 0.29.0-13-gc9e81de378 (webtiles) character file.

Game seed: 1967334783151907512

2027 SnakkuSnakku7 the Skirmisher (level 9, -7/64 HPs)
             Began as a Ghoul Summoner on Sept 8, 2022.
             Was a Follower of Dithmenos.
             Mangled by Prince Ribbit (16 damage)
             ... on level 5 of the Dungeon.
             The game lasted 00:10:51 (4597 turns).

SnakkuSnakku7 the Skirmisher (Ghoul Summoner)       Turns: 4597, Time: 00:10:52

Health: -7/64      AC:  6    Str: 12    XL:     9   Next: 23%
Magic:  10/10      EV: 10    Int: 10    God:    Dithmenos [*.....]
Gold:   330        SH:  0    Dex: 13    Spells: 10/11 levels left

rFire   . . .      SeeInvis +   a - +2 sling (vorpal)
rCold   + . .      Faith    .   (no shield)
rNeg    + + +      Spirit   .   i - +0 ring mail
rPois   ∞          Reflect  .   u - +0 helmet
rElec   .          Harm     .   (no cloak)
rCorr   .          Rampage  .   (no gloves)
Will    .....                   (no boots)
Stlth   +.........              l - amulet of regeneration
HPRegen 0.00/turn               o - ring of see invisible
MPRegen 0.12/turn               (no ring)

@: inhibited regen, wreathed by umbra
A: claws 1, cold resistance 1, negative energy resistance 3, inhibited
regeneration, torment resistance 2, devour on kill
a: Renounce Religion


You were on level 5 of the Dungeon.
You worshipped Dithmenos.
Dithmenos was aware of your devotion.
You visited 2 branches of the dungeon, and saw 8 of its levels.
You also visited: Sewer and Ossuary.

You collected 330 gold pieces.

Inventory:

Hand Weapons
 a - a +2 vorpal sling (weapon)
Armour
 g - a +0 robe
 i - a +0 ring mail (worn)
 u - a +0 helmet (worn)
Jewellery
 d - an amulet of guardian spirit
 l - an amulet of regeneration (around neck)
 o - a ring of see invisible (left claw)
Wands
 p - a wand of light (5)
 r - a wand of polymorph (20)
 t - a wand of flame (14)
Scrolls
 c - a scroll of enchant armour {unknown}
 f - a scroll of poison
 k - a scroll of fear {unknown}
 q - a scroll of enchant weapon {unknown}
 s - a scroll of blinking
 w - a scroll of teleportation
 x - a scroll of summoning {unknown}
 y - a scroll of amnesia {unknown}
Potions
 b - a potion of magic
 e - 3 potions of might {unknown}
 h - a potion of invisibility
 j - 2 potions of lignification {unknown}
 m - 2 potions of attraction {unknown}
 n - a potion of flight
 v - a potion of heal wounds {unknown}
 B - 3 potions of curing {unknown}


   Skills:
 - Level 1.3 Fighting
 + Level 10.6 Ranged Weapons
 - Level 1.7 Dodging
 - Level 2.1 Stealth
 - Level 1.4 Unarmed Combat
 - Level 1.7 Spellcasting
 - Level 3.6 Summonings


You had 10 spell levels left.
You knew the following spells:

 Your Spells              Type           Power      Damage    Failure   Level
a - Summon Small Mammal   Summ           32%        N/A       17%         1

Your spell library contained the following spells:

 Spells                   Type           Power      Damage    Failure   Level
 Call Imp                 Summ           8%         N/A       26%         2
 Call Canine Familiar     Summ           8%         N/A       45%         3
 Freeze                   Ice            0%         1d3       58%         1
 Summon Guardian Golem    Hex/Summ       4%         N/A       71%         3
 Frozen Ramparts          Ice            0%         1d1       91%         3
 Summon Lightning Spire   Summ/Air       4%         N/A       98%         4
 Hailstorm                Conj/Ice       0%         3d3       100%        4
 Dispersal                Tloc           0%         N/A       100%        6
 Disjunction              Tloc           0%         N/A       100%        8


Dungeon Overview and Level Annotations

Branches:
Dungeon (7/15)             Temple (1/1) D:7           Sewer (visited)
Ossuary (visited)

Altars:
Ashenzari
Cheibriados
Dithmenos
Gozag
Hepliaklqana
Kikubaaqudgha
Makhleb
Okawaru
Qazlal
Sif Muna
Trog
Uskayaw
Vehumet
Xom

Shops:
D:1 [   D:3 [

Annotations:
D:5 Prince Ribbit
D:6 1 runed translucent door


Innate Abilities, Weirdness & Mutations

You are immune to poison.
You have sharp fingernails.
Your flesh is cold resistant. (rC+)
You are immune to negative energy. (rN+++)
You do not regenerate when monsters are visible.
You are immune to unholy pain and torment.
You thrive by killing the living.


Message History

Prince Ribbit hits you.
Fire: a) +2 sling (vorpal)
Press: ? - help, Q - select action, (/) - cycle Shift-Dir - straight line, f - Prince Ribbit
Aim: Prince Ribbit (severely wounded, blind, umbra, 43% to hit)
You shoot a sling bullet.
The sling bullet closely misses Prince Ribbit.
Prince Ribbit hits you.
Fire: a) +2 sling (vorpal)
Press: ? - help, Q - select action, (/) - cycle Shift-Dir - straight line, f/p - Prince Ribbit
Aim: Prince Ribbit (severely wounded, blind, umbra, 43% to hit)
You shoot a sling bullet.
The sling bullet closely misses Prince Ribbit.
Prince Ribbit barely misses you.
Fire: a) +2 sling (vorpal)
Press: ? - help, Q - select action, (/) - cycle Shift-Dir - straight line, f/p - Prince Ribbit
Aim: Prince Ribbit (severely wounded, blind, umbra, 43% to hit)
You shoot a sling bullet.
The sling bullet closely misses Prince Ribbit.
Prince Ribbit misses you. Prince Ribbit hits you.
Fire: a) +2 sling (vorpal)
Press: ? - help, Q - select action, (/) - cycle Shift-Dir - straight line, f/p - Prince Ribbit
Aim: Prince Ribbit (severely wounded, blind, umbra, 43% to hit)
You shoot a sling bullet.
The sling bullet barely misses Prince Ribbit.
Prince Ribbit hits you.
Fire: a) +2 sling (vorpal)
Press: ? - help, Q - select action, (/) - cycle Shift-Dir - straight line, f/p - Prince Ribbit
Aim: Prince Ribbit (severely wounded, blind, umbra, 43% to hit)
You shoot a sling bullet. The sling bullet hits Prince Ribbit.
Prince Ribbit is severely wounded.
Prince Ribbit hits you!
* * * LOW HITPOINT WARNING * * *
Prince Ribbit hits you but does no damage.
Fire: a) +2 sling (vorpal)
Press: ? - help, Q - select action, (/) - cycle Shift-Dir - straight line, f/p - Prince Ribbit
Aim: Prince Ribbit (severely wounded, blind, umbra, 43% to hit)
You shoot a sling bullet. The sling bullet hits Prince Ribbit.
Prince Ribbit is almost dead.
Prince Ribbit hits you!
You die...

..##### ..# ### ..#########.#
# #.#. ## ..†..).... ..... .o.
.######### ### .#..# ##o##
....# ..# ...# ..... ....# #.#
#..#.o.... ....# #
#.####.o#...... ....# #.
#.#........._.. ...># #.#. #@#
#..# .#+########.#..#F# ##F#
.#.............#.# #.#
.#.########......#####.####.##
..†.........#.##..).))........
.#)########.#.##.########.##.#
.#.######## #........... ..
........... #..'######## ##
.#.##########..#.......


You could see Prince Ribbit (blind).

Vanquished Creatures
  Pikel (D:7)
  A black bear (D:2)
  An ogre (D:7)
  3 centaurs
  A lemure (D:7)
  2 bullfrogs
  5 elf zombies (Ossuary)
  A scorpion (D:6)
  A necrophage (D:7)
  A howler monkey (D:5)
  A centaur zombie (Ossuary)
  A hound (D:5)
  A jelly (D:4)
  3 orc wizards
  A hound zombie (Ossuary)
  3 mummies (Ossuary)
  Robin (D:3)
  3 gnolls (D:3)
  12 adders
  3 adder zombies (Ossuary)
  3 worms
  7 orcs
  5 bats
  14 endoplasms
  16 giant cockroaches
  16 goblins
  10 hobgoblins
  A jackal (D:2)
  6 kobolds
  14 quokkas
  9 ball pythons
  9 frilled lizards
  2 gnoll zombies (Ossuary)
  5 goblin zombies (Ossuary)
  7 hobgoblin zombies (Ossuary)
  2 jackal zombies (Ossuary)
  3 kobold zombies (Ossuary)
  An orc zombie (Ossuary)
  2 quokka zombies (Ossuary)
  6 rats
  5 rat zombies (Ossuary)
189 creatures vanquished.

Notes
Turn   | Place    | Note
-------+----------+-------------------------------------------
     0 | D:1      | SnakkuSnakku7 the Ghoul Summoner began the quest for the
                  | Orb.
     0 | D:1      | Reached XP level 1. HP: 14/14 MP: 2/2
   190 | D:1      | Reached skill level 1 in Fighting
   190 | D:1      | Reached skill level 1 in Unarmed Combat
   190 | D:1      | Reached XP level 2. HP: 10/23 MP: 3/3
   877 | D:1      | Found Zelih's Armour Emporium.
   978 | D:1      | Reached skill level 1 in Ranged Weapons
  1053 | D:1      | Reached XP level 3. HP: 28/28 MP: 4/4
  1611 | D:2      | Reached skill level 2 in Ranged Weapons
  1622 | D:2      | Noticed a black bear
  1632 | D:2      | Reached XP level 4. HP: 35/35 MP: 5/5
  1744 | D:2      | Killed a black bear
  1745 | D:2      | Reached skill level 4 in Ranged Weapons
  1745 | D:2      | Reached XP level 5. HP: 35/40 MP: 6/6
  1775 | D:2      | Identified the +6 hand axe of Doocimmu {protect, rF- rCorr
                  | Int+9 SInv}
  2315 | D:3      | Found a glowing drain.
  2320 | Sewer    | Entered a sewer
  2359 | Sewer    | Reached XP level 6. HP: 47/47 MP: 7/7
  2513 | Sewer    | Reached skill level 5 in Ranged Weapons
  2990 | D:3      | Found a shimmering blue altar of Sif Muna.
  3074 | D:3      | Found Ijuoropa's Armour Shop.
  3245 | D:4      | Noticed Robin
  3269 | D:3      | Killed Robin
  3270 | D:3      | Reached XP level 7. HP: 19/52 MP: 8/8
  3325 | D:4      | Reached skill level 6 in Ranged Weapons
  3472 | D:4      | You fall into a shaft and drop 3 floors!
  3472 | D:7      | Found a staircase to the Ecumenical Temple.
  3479 | Temple   | Entered the Ecumenical Temple
  3484 | Temple   | Became a worshipper of Dithmenos the Shadowed
  3508 | D:7      | Noticed Pikel
  3526 | D:7      | Killed Pikel
  3527 | D:7      | Reached skill level 8 in Ranged Weapons
  3527 | D:7      | Reached XP level 8. HP: 59/59 MP: 9/9
  3673 | D:6      | Reached skill level 9 in Ranged Weapons
  3736 | D:6      | Found a runed translucent gate.
  3756 | D:6      | Found a sand-covered staircase.
  3763 | Ossuary  | Entered an ossuary
  3972 | Ossuary  | Reached * piety under Dithmenos
  4093 | Ossuary  | Reached XP level 9. HP: 64/64 MP: 10/10
  4232 | Ossuary  | Reached skill level 10 in Ranged Weapons
  4340 | D:5      | Entered Level 5 of the Dungeon
  4546 | D:5      | Found a snail-covered altar of Cheibriados.
  4552 | D:5      | Noticed Prince Ribbit
  4597 | D:5      | Mangled by Prince Ribbit

Illustrated notes

Levels and vault maps discovered:
D:1:      dpeg_arrival_morbid_curiosity, layout_basic, serial_shops,
          nicolae_lakefront_shop, nrook_mini_backslash, minmay_quantized
D:2:      layout_basic, minmay_pentomino_w4
D:3:      layout_basic, nicolae_sif_muna_little_library, gup_sewer_entry_spiral,
          serial_shops, nicolae_lakefront_shop, minmay_box_of_dots
D:4:      minmay_spotlight, layout_loops_ring, grunt_ministairs_9,
          patterned_corridor, uniq_robin, uniq_eustachio
D:5:      layout_basic, old_standard_altar, ebering_ghost_gozag, minivault_11,
          uniq_prince_ribbit1, uniq_blork_the_orc, uniq_crazy_yiuf_cottage
D:6:      layout_loops_ring, nemelex_xobeh_ov_fountains_minmay, enter_ossuary_5,
          gammafunk_ghost_icy
D:7:      layout_rooms, minmay_temple_entry_drinking_statues,
          hangedman_abyss_or_decor_passed, uniq_pikel
Temple:   minmay_freezing_vapour_temple

Skill      XL: |  1  2  3  4  5  6  7  8  9 |
---------------+----------------------------+-----
Fighting       | 1 |  1.3
Unarmed Combat | 1 |  1.4
Ranged Weapons | 1 2 4 5 8 9 10 | 10.6
Dodging        | |  1.7
Stealth        | |  2.1
Spellcasting   | |  1.7
Summonings     | |  3.6

Action                   |  1- 3 |  4- 6 |  7- 9 || total
-------------------------+-------+-------+-------++-------
Melee: Unarmed           |    47 |       |       ||    47
       Punch             |     1 |       |       ||     1
       Sling             |       |       |     2 ||     2
 Fire: Sling             |    66 |   242 |   318 ||   626
Evoke: Wand              |       |       |     6 ||     6
  Use: Scroll            |       |     2 |     4 ||     6
       Potion            |       |       |     1 ||     1
 Stab: Sleeping          |     1 |       |       ||     1
Armor: Robe              |    15 |       |       ||    15
       Ring mail         |    10 |    81 |    98 ||   189
Dodge: Dodged            |    47 |    92 |   148 ||   287
